 Dungeon Crawl Stone Soup version 0.28-a0-938-gbc3f381ebc (webtiles) character file.

Game seed: 1809533756821450075

415 Hipnos the Magician (level 7, 0/49 HPs)
             Began as a Djinni Ice Elementalist on Nov 28, 2021.
             Killed by nerve-wracking pain
             ... invoked by Grinder
              (4 damage)
             ... on level 4 of the Dungeon.
             The game lasted 00:10:13 (4159 turns).

Hipnos the Magician (Djinni Ice Elementalist)       Turns: 4159, Time: 00:10:14

Health: 0/49       AC: 10    Str: 13    XL:     7   Next: 15%
Gold:   75         EV: 13    Int: 19    God:
                   SH:  0    Dex: 13

rFire   + + .      SeeInvis .   b - +1 whip
rCold   x . .      Faith    .   (no shield)
rNeg    . . .      Spirit   .   a - +0 robe
rPois   ∞          Reflect  .   (no helmet)
rElec   .          Harm     .   i - +0 cloak
rCorr   .          Rampage  .   (no gloves)
Will    .....                   (boots unavailable)
Stlth   ++........              (no amulet)
HPRegen 0.16/turn               j - +6 ring of strength
MPRegen 0.00/turn               (no ring)

@: ice-armoured, freezing walls, flying
A: sickness immunity, fire resistance 2, cold vulnerability 1, float, innate
caster, hp casting, extra vitality 1
a: no special abilities


You were on level 4 of the Dungeon.
You visited 1 branch of the dungeon, and saw 4 of its levels.

You collected 138 gold pieces.
You spent 63 gold pieces at shops.

Inventory:

Hand Weapons
 b - a +1 whip (weapon)
Armour
 a - a +0 robe (worn)
 i - a +0 cloak (worn)
Jewellery
 j - a +6 ring of strength (left hand)
Scrolls
 c - a scroll of amnesia
 d - a scroll of magic mapping
 e - 3 scrolls of enchant weapon
 f - a scroll of identify
Potions
 k - 2 potions of degeneration


   Skills:
 * Level 2.7 Fighting
 + Level 0.1 Maces & Flails
 + Level 3.1 Dodging
 - Level 1.5 Stealth
 + Level 5.5 Spellcasting


You couldn't memorise any spells.
You knew the following spells:

 Your Spells              Type           Power      Damage    Failure   Level
a - Freeze                Ice            100%       1d11      1%          1
b - Frozen Ramparts       Ice            52%        1d7       3%          3
c - Ozocubu's Armour      Ice            26%        N/A       3%          3
d - Hailstorm             Conj/Ice       26%        3d7       12%         4
e - Slow                  Hex            100%       N/A       1%          1
f - Call Imp              Summ           26%        N/A       1%          2
g - Dazzling Flash        Conj/Hex       52%        N/A       3%          3
Your spell library was empty.

Dungeon Overview and Level Annotations

Branches:
Dungeon (4/15)
 Temple: D:4-7

Altars:
The Shining One

Shops:
D:3 *(?[

Annotations:
D:4 Grinder


Innate Abilities, Weirdness & Mutations

You are immune to sickness and miasma.
You are immune to poison.
Your flesh is very heat resistant. (rF++)
You are vulnerable to cold. (rC-)
You float through the air rather than walking.
You learn spells naturally, not from books.
Your magical power is your life essence.
You have superior vitality. (+4 HP)


Message History

The white imp completely misses you.
Your crimson imp barely misses Grinder.
You hit the white imp.
The white imp is severely wounded.
The frozen ramparts melt away.
Grinder hits you. The white imp gestures at you. The puff of frost hits you!
You feel a terrible chill!
An orc comes into view. It is wielding a +0 short sword.
Your crimson imp blinks!
The quokka bites you but does no damage.
Casting: Call Imp (safe; 1% risk of failure)
Confirm with . or Enter, or press ? or * to list all spells.
Casting: Frozen Ramparts (dangerous; 3% risk of failure)
Press: ? - help, Dir - look around, f - activate The walls around you are covered in ice.
The orc wizard casts a spell.
The orc wizard flickers and vanishes!
Deactivating autopickup; reactivate with Ctrl-A.
Grinder resists.
The wall freezes Grinder.
Grinder barely misses you.
The white imp completely resists.
The wall freezes the white imp but does no damage.
The white imp hits you but does no damage.
Your crimson imp blinks!
An orc comes into view. It is wielding a +0 dagger.
The quokka bites you.
Okay, then.
You barely miss the white imp.
The white imp is severely wounded.
Grinder resists.
The wall freezes Grinder.
Grinder hits you but does no damage. The hobgoblin hits your crimson imp.
The white imp resists.
The wall freezes the white imp.
The white imp gestures at you. The puff of frost hits you!
You feel a terrible chill!
* * * LOW HITPOINT WARNING * * *
Your crimson imp hits Grinder.
The quokka bites you but does no damage.
Something closely misses your crimson imp.
Grinder resists.
The wall freezes Grinder.
Grinder gestures at you. Pain shoots through your body!
You die...

.... ##..)
'..####
##oo...#
#......+
##..g5..
#...r5#
#...<@#
#....5#
...........
#########....
...... ......
...... ......


You could see Grinder, a white imp (ally target), 2 orcs, a quokka, a hobgoblin
and a friendly crimson imp (summoned).

Vanquished Creatures
  Sigmund (D:2)
  A hound (D:4)
  Terence (D:3)
  Natasha (thrice) (D:3)
  Robin (D:2)
  4 adders
  A gnoll (D:2)
  A worm (D:3)
  2 dart slugs
  5 orcs
  2 ball pythons
  5 endoplasms
  2 giant cockroaches
  12 goblins
  7 hobgoblins
  5 jackals (D:2)
  4 kobolds
  A quokka (D:1)
  5 bats
  A frilled lizard (D:1)
  8 rats
72 creatures vanquished.

Vanquished Creatures (collateral kills)
  A worm (D:2)
  2 dart slugs (D:3)
  An orc (D:3)
  A giant cockroach (D:2)
5 creatures vanquished.

Grand Total: 77 creatures vanquished

Notes
Turn   | Place    | Note
-------+----------+-------------------------------------------
     0 | D:1      | Hipnos the Djinni Ice Elementalist began the quest for the
                  | Orb.
     0 | D:1      | Reached XP level 1. HP: 15/15 MP: 0/0
   188 | D:1      | Reached XP level 2. HP: 20/21 MP: 0/0
   881 | D:1      | Reached XP level 3. HP: 21/26 MP: 0/0
   881 | D:1      | Learned a level 1 spell: Slow
   945 | D:1      | Reached skill level 1 in Fighting
  1472 | D:2      | Reached skill level 4 in Spellcasting
  1474 | D:2      | Reached XP level 4. HP: 20/32 MP: 0/0
  1640 | D:2      | Noticed Robin
  1668 | D:2      | HP: 1/32 [Robin (3)]
  1670 | D:2      | Killed Robin
  1960 | D:2      | Found a faded altar of an unknown god.
  1978 | D:2      | Noticed Sigmund
  2013 | D:2      | Killed Sigmund
  2014 | D:2      | Reached XP level 5. HP: 3/38 MP: 0/0
  2014 | D:2      | Learned a level 2 spell: Call Imp
  2014 | D:2      | Reached XP level 6. HP: 3/43 MP: 0/0
  2310 | D:2      | Found a glowing golden altar of the Shining One.
  2341 | D:2      | Reached skill level 5 in Spellcasting
  2737 | D:3      | Found Jiezui's Magic Scroll Shop.
  2742 | D:3      | Noticed Natasha
  2742 | D:3      | Noticed Terence
  2759 | D:3      | Killed Natasha
  2803 | D:3      | Noticed Natasha
  2805 | D:3      | Killed Terence
  2811 | D:3      | Killed Natasha
  3037 | D:3      | Noticed Natasha
  3093 | D:3      | Found Iffoduedd's Assorted Antiques.
  3385 | D:3      | Found Fivosius's Armour Shop.
  3393 | D:3      | Bought a +0 cloak for 63 gold pieces
  3762 | D:3      | Killed Natasha
  3763 | D:3      | Reached XP level 7. HP: 39/49 MP: 0/0
  3763 | D:3      | Learned a level 3 spell: Dazzling Flash
  3827 | D:3      | Found Hoxtaef's Antique Weapon Emporium.
  4150 | D:4      | Noticed Grinder
  4159 | D:4      | Killed from afar by Grinder

Illustrated notes

Levels and vault maps discovered:
D:1:      eino_arrival_cavern_e, layout_loops_ring, minmay_pentomino_x4
D:2:      layout_rooms, basic_altar, shapermc_ecumenical_altar_venn,
          cheibrodos_gnoll_hut, uniq_robin, uniq_sigmund
D:3:      layout_basic, serial_shops, nicolae_lakefront_shop, shop_statue, shop,
          shop, uniq_natasha, uniq_terence
D:4:      layout_basic, grunt_ministairs_14, uniq_grinder

Skill      XL: |  1  2  3  4  5  6  7 |
---------------+----------------------+-----
Fighting       | 1 2 |  2.7
Spellcasting   | 4 5 |  5.5
Dodging        | 3 |  3.1
Maces & Flails | |  0.1
Stealth        | |  1.5

Action                   |  1- 3 |  4- 6 |  7- 9 || total
-------------------------+-------+-------+-------++-------
Melee: Whip              |    12 |    37 |     7 ||    56
 Cast: Freeze            |    43 |    15 |     3 ||    61
       Frozen Ramparts   |       |    17 |     2 ||    19
       Ozocubu's Armour  |       |    11 |     1 ||    12
       Call Imp          |       |     6 |     1 ||     7
       Slow              |       |     6 |       ||     6
  Use: Potion            |       |     2 |       ||     2
       Scroll            |       |       |     6 ||     6
Armor: Robe              |     5 |    14 |     5 ||    24
       Skin              |       |     9 |       ||     9
Dodge: Dodged            |    27 |    45 |     7 ||    79

Table legend: (Time is in decaauts)
 A = Elapsed time spent in this place.
 B = Non-inter-level travel time spent in this place.
 C = Inter-level travel time spent in this place.
 D = Time resting spent in this place.
 E = Time spent auto-exploring this place.
 F = Levels seen in this place.
 G = Mean time per level.
                   A        B        C        D        E       F      G
               +--------+--------+--------+--------+--------+-----+--------+
         Total |   4168 |   4125 |     43 |      0 |   3549 |   4 | 1042.0 |
       Dungeon |   4168 |   4125 |     43 |      0 |   3549 |   4 | 1042.0 |
               +--------+--------+--------+--------+--------+-----+--------+

Top non-repeatable levels by time:
     D:3: 1416 daAuts
     D:2: 1408 daAuts
     D:1: 1329 daAuts
     D:4: 14 daAuts
